General information
- name: BNet
- type: Ladder team game (AT/RT)
- host: Battle.net
- saver: TheTerrorOf4v4
map: Cherryville
- players: 8
- length: 45:48
- speed: Fast
- version: 1.26 W3XP
- replay type: Public
» download(209 KB)
Players
team 1 (winner)

»
FunkyMonkz (
teal | 80 APM | 2779 actions | 34:32)
5 Death Knight
3 Death Coil
2 Unholy Aura
4 Lich
2 Frost Nova
2 Dark Ritual
2 Crypt Lord
1 Impale
1 Carrion Beetles
» actions
| Assign group hotkey | 28 | |
| Basic commands | 32 | |
| Build / train | 83 | |
| Enter build submenu | 27 | |
| Enter hero's abilities submenu | 11 | |
| Give item / drop item | 1 | |
| Remove unit from queue | 1 | |
| Right click | 1319 | |
| Select / deselect | 353 | |
| Select group hotkey | 827 | |
| Use ability | 97 | |
2779 total
» units
| Acolyte | 15 | |
| Ghoul | 7 | |
| Crypt Fiend | 15 | |
| Frost Wyrm | 8 | |
45 total
» upgrades
| Creature Attack | 3 | |
| Creature Carapace | 3 | |
| Web | 1 | |
| Burrow | 1 | |
| Freezing Breath | 1 | |
| Unholy Strength | 1 | |
10 total
» buildings
| Crypt | 1 | |
| Ziggurat | 11 | |
| Altar of Darkness | 1 | |
| Graveyard | 1 | |
| Nerubian Tower | 1 | |
| Tomb of Relics | 1 | |
| Halls of the Dead | 1 | |
| Necropolis | 2 | |
| Black Citadel | 1 | |
| Sacrificial Pit | 1 | |
| Boneyard | 2 | |
| Spirit Tower | 2 | |
25 total
» build order
00:09 Crypt
00:14 Ziggurat
00:35 Altar of Darkness
01:04 Ziggurat
01:27 Graveyard
01:48 Nerubian Tower
02:02 Tomb of Relics
04:25 Halls of the Dead
05:11 Ziggurat
05:45 Ziggurat
09:08 Necropolis
10:01 Black Citadel
10:18 Sacrificial Pit
11:01 Ziggurat
11:03 Ziggurat
11:04 Ziggurat
11:09 Ziggurat
11:11 Ziggurat
12:26 Boneyard
12:30 Boneyard
14:46 Spirit Tower
23:45 Ziggurat
23:47 Ziggurat
23:57 Necropolis
25:08 Spirit Tower
» items
| Rod of Necromancy | 1 | |
| Potion of Healing | 3 | |
| Scroll of Town Portal | 2 | |
| Potion of Lesser Invulnerability | 1 | |
7 total
TheTerrorOf4v4 (
purple | 75 APM | 3438 actions | 45:48)
8 Archmage
2 Summon Water Elemental
3 Brilliance Aura
2 Blizzard
1 Mass Teleport
» actions
| Assign group hotkey | 111 | |
| Basic commands | 527 | |
| Build / train | 165 | |
| ESC pressed | 4 | |
| Enter build submenu | 60 | |
| Enter hero's abilities submenu | 8 | |
| Give item / drop item | 3 | |
| Right click | 744 | |
| Select / deselect | 369 | |
| Select group hotkey | 1211 | |
| Use ability | 236 | |
3438 total
» units
| Peasant | 16 | |
| Footman | 7 | |
| Goblin Shredder | 6 | |
| Sorceress | 1 | |
| Dragonhawk Rider | 7 | |
| Gryphon Rider | 5 | |
42 total
» upgrades
| Masonry | 3 | |
| Lumber Harvesting | 2 | |
| Sorceress Training | 1 | |
| Magic Sentry | 1 | |
| Swords | 3 | |
| Armor | 3 | |
| Animal War Training | 1 | |
| Storm Hammers | 1 | |
| Cloud | 1 | |
16 total
» buildings
| Altar of Kings | 1 | |
| Barracks | 1 | |
| Farm | 16 | |
| Arcane Vault | 1 | |
| Lumber Mill | 1 | |
| Town Hall | 3 | |
| Scout Tower | 26 | |
| Keep | 8 | |
| Castle | 8 | |
| Guard Tower | 35 | |
| Arcane Sanctum | 1 | |
| Blacksmith | 1 | |
| Gryphon Aviary | 6 | |
108 total
» build order
00:52 Altar of Kings
00:54 Barracks
00:55 Farm
01:04 Farm
01:42 Farm
01:50 Arcane Vault
02:11 Farm
03:29 Lumber Mill
04:24 Town Hall
05:16 Farm
05:54 Scout Tower
05:56 Keep
05:56 Keep
05:57 Keep
07:39 Scout Tower
07:39 Scout Tower
07:41 Scout Tower
07:42 Scout Tower
07:43 Scout Tower
07:45 Scout Tower
07:48 Scout Tower
08:19 Castle
08:19 Castle
08:19 Castle
08:21 Guard Tower
08:21 Guard Tower
08:46 Guard Tower
08:52 Scout Tower
08:52 Scout Tower
08:54 Scout Tower
08:55 Scout Tower
09:16 Arcane Sanctum
09:26 Blacksmith
09:29 Guard Tower
09:29 Guard Tower
09:29 Guard Tower
09:30 Guard Tower
09:30 Guard Tower
09:30 Guard Tower
10:58 Gryphon Aviary
10:59 Gryphon Aviary
12:07 Farm
14:38 Farm
14:39 Farm
14:44 Scout Tower
14:45 Scout Tower
14:45 Scout Tower
14:50 Scout Tower
14:51 Scout Tower
14:54 Scout Tower
14:55 Scout Tower
14:56 Scout Tower
14:57 Scout Tower
14:58 Scout Tower
15:49 Guard Tower
15:49 Guard Tower
15:49 Guard Tower
16:23 Gryphon Aviary
16:24 Gryphon Aviary
16:26 Guard Tower
16:26 Guard Tower
16:27 Guard Tower
16:28 Guard Tower
16:28 Guard Tower
16:28 Guard Tower
16:32 Gryphon Aviary
17:04 Guard Tower
17:04 Guard Tower
17:10 Farm
17:13 Farm
17:53 Gryphon Aviary
18:24 Guard Tower
18:25 Guard Tower
21:43 Town Hall
21:47 Scout Tower
21:47 Scout Tower
21:50 Scout Tower
21:52 Scout Tower
22:20 Guard Tower
22:20 Guard Tower
22:20 Guard Tower
34:16 Town Hall
35:03 Farm
35:04 Farm
35:04 Farm
35:05 Farm
35:06 Farm
35:07 Farm
35:53 Keep
35:53 Keep
35:54 Keep
38:49 Castle
38:49 Castle
» items
| Scroll of Regeneration | 6 | |
| Staff of Teleportation | 1 | |
| Boots of Speed | 1 | |
| Potion of Invisibility | 3 | |
| Tome of Retraining | 1 | |
| Scroll of Town Portal | 4 | |
| Potion of Healing | 2 | |
| Staff of Sanctuary | 1 | |
| Potion of Lesser Invulnerability | 1 | |
| Scroll of Protection | 1 | |
21 total
Socratesp (
green | 39 APM | 1802 actions | 45:48)
5 Paladin
3 Holy Light
2 Devotion Aura
3 Mountain King
2 Storm Bolt
1 Bash
» actions
| Assign group hotkey | 48 | |
| Basic commands | 28 | |
| Build / train | 105 | |
| Enter build submenu | 38 | |
| Enter hero's abilities submenu | 8 | |
| Give item / drop item | 5 | |
| Remove unit from queue | 4 | |
| Right click | 735 | |
| Select / deselect | 341 | |
| Select group hotkey | 372 | |
| Use ability | 118 | |
1802 total
» units
| Peasant | 13 | |
| Footman | 7 | |
| Knight | 12 | |
| Goblin Shredder | 1 | |
| Priest | 9 | |
| Siege Engine | 9 | |
51 total
» upgrades
| Defend | 1 | |
| Masonry | 2 | |
| Swords | 3 | |
| Plating | 3 | |
| Animal War Training | 1 | |
| Lumber Harvesting | 1 | |
| Priest Training | 2 | |
| Magic Sentry | 1 | |
| Barrage | 1 | |
15 total
» buildings
| Barracks | 2 | |
| Altar of Kings | 1 | |
| Farm | 14 | |
| Scout Tower | 19 | |
| Arcane Tower | 3 | |
| Arcane Vault | 2 | |
| Lumber Mill | 2 | |
| Keep | 1 | |
| Town Hall | 2 | |
| Guard Tower | 5 | |
| Castle | 1 | |
| Blacksmith | 2 | |
| Arcane Sanctum | 1 | |
| Workshop | 2 | |
| Necropolis | 6 | |
63 total
» build order
00:10 Barracks
00:15 Altar of Kings
00:22 Farm
00:29 Scout Tower
01:25 Farm
01:43 Arcane Tower
01:43 Arcane Tower
01:44 Arcane Tower
01:56 Arcane Vault
02:35 Lumber Mill
03:02 Farm
04:18 Keep
04:23 Scout Tower
04:25 Scout Tower
04:30 Farm
05:31 Town Hall
05:46 Guard Tower
07:03 Castle
07:10 Barracks
08:17 Blacksmith
09:57 Guard Tower
10:03 Lumber Mill
12:23 Scout Tower
12:23 Scout Tower
12:24 Scout Tower
12:25 Scout Tower
12:26 Scout Tower
12:47 Farm
12:48 Farm
13:15 Farm
13:16 Farm
13:17 Farm
14:11 Arcane Sanctum
16:26 Farm
16:27 Farm
16:27 Farm
16:32 Farm
16:33 Farm
19:12 Workshop
19:51 Guard Tower
19:55 Scout Tower
19:56 Scout Tower
25:07 Town Hall
25:13 Scout Tower
25:13 Scout Tower
25:14 Scout Tower
25:15 Scout Tower
25:16 Scout Tower
25:16 Scout Tower
27:46 Guard Tower
29:17 Workshop
30:16 Arcane Vault
30:19 Scout Tower
30:19 Scout Tower
30:20 Scout Tower
37:10 Guard Tower
37:21 Blacksmith
45:07 Necropolis
45:10 Necropolis
45:12 Necropolis
45:15 Necropolis
45:18 Necropolis
45:21 Necropolis
» items
| Scroll of Regeneration | 1 | |
| Lesser Clarity Potion | 3 | |
| Circlet of Nobility | 2 | |
| Potion of Lesser Invulnerability | 2 | |
| Scroll of Town Portal | 2 | |
| Periapt of Vitality | 1 | |
| Staff of Teleportation | 1 | |
| Potion of Mana | 1 | |
| Orb of Fire | 1 | |
14 total
decepticons421 (
pink | 17 APM | 637 actions | 36:54)
4 Crypt Lord
2 Impale
2 Spiked Carapace
» actions
| Assign group hotkey | 11 | |
| Basic commands | 35 | |
| Build / train | 53 | |
| ESC pressed | 2 | |
| Enter build submenu | 20 | |
| Enter hero's abilities submenu | 4 | |
| Remove unit from queue | 1 | |
| Right click | 182 | |
| Select / deselect | 233 | |
| Select group hotkey | 72 | |
| Use ability | 24 | |
637 total
» units
| Acolyte | 7 | |
| Ghoul | 4 | |
| Crypt Fiend | 7 | |
| Frost Wyrm | 17 | |
35 total
» upgrades
| Creature Attack | 3 | |
| Creature Carapace | 3 | |
| Web | 1 | |
| Freezing Breath | 1 | |
8 total
» buildings
| Altar of Darkness | 1 | |
| Ziggurat | 11 | |
| Graveyard | 2 | |
| Crypt | 1 | |
| Halls of the Dead | 1 | |
| Nerubian Tower | 1 | |
| Spirit Tower | 1 | |
| Sacrificial Pit | 1 | |
| Black Citadel | 1 | |
| Boneyard | 2 | |
22 total
» build order
00:12 Altar of Darkness
00:18 Ziggurat
00:40 Graveyard
00:47 Graveyard
00:54 Ziggurat
01:16 Crypt
02:04 Ziggurat
03:25 Halls of the Dead
04:09 Nerubian Tower
05:12 Spirit Tower
05:52 Sacrificial Pit
08:05 Black Citadel
08:25 Ziggurat
08:33 Ziggurat
08:46 Ziggurat
09:54 Ziggurat
09:59 Ziggurat
10:03 Ziggurat
10:07 Ziggurat
10:12 Ziggurat
10:32 Boneyard
11:13 Boneyard
team 2 (loser)

»
ColonelCupcake (
yellow | 34 APM | 485 actions | 14:19)
3 Far Seer
2 Feral Spirit
1 Chain Lighting
» actions
| Build / train | 38 | |
| Enter build submenu | 19 | |
| Enter hero's abilities submenu | 3 | |
| Right click | 264 | |
| Select / deselect | 130 | |
| Use ability | 30 | |
485 total
» units
| Peon | 13 | |
| Grunt | 5 | |
| Wind Rider | 2 | |
| Crypt Fiend | 3 | |
23 total
» upgrades
| Melee Weapons | 1 | |
| Armor | 2 | |
| Ranged Weapons | 3 | |
| Envenomed Spears | 1 | |
| Reinforced Defenses | 1 | |
8 total
» buildings
| War Mill | 1 | |
| Orc Burrow | 5 | |
| Altar of Storms | 1 | |
| Barracks | 1 | |
| Voodoo Lounge | 1 | |
| Stronghold | 1 | |
| Fortress | 1 | |
| Beastiary | 2 | |
| Great Hall | 1 | |
| Watch Tower | 6 | |
20 total
» build order
00:25 War Mill
00:40 Orc Burrow
01:12 Altar of Storms
01:28 Barracks
01:43 Orc Burrow
02:26 Voodoo Lounge
02:48 Orc Burrow
04:28 Stronghold
05:28 Orc Burrow
06:57 Fortress
07:02 Beastiary
07:05 Beastiary
08:30 Orc Burrow
10:32 Great Hall
10:50 Watch Tower
10:52 Watch Tower
12:01 Watch Tower
12:19 Watch Tower
12:49 Watch Tower
13:10 Watch Tower
» items
SIZE_50-WAISTQ (
red | 50 APM | 2273 actions | 45:48)
9 Mountain King
3 Storm Bolt
2 Bash
1 Avatar
3 Thunder Clap
» actions
| Assign group hotkey | 64 | |
| Basic commands | 4 | |
| Build / train | 104 | |
| Enter build submenu | 27 | |
| Enter hero's abilities submenu | 9 | |
| Give item / drop item | 6 | |
| Remove unit from queue | 2 | |
| Right click | 869 | |
| Select / deselect | 325 | |
| Select group hotkey | 720 | |
| Use ability | 143 | |
2273 total
» units
| Peasant | 15 | |
| Footman | 3 | |
| Goblin Shredder | 2 | |
| Gryphon Rider | 6 | |
| Ghoul | 5 | |
| Dragonhawk Rider | 6 | |
| Peon | 8 | |
45 total
» upgrades
| Masonry | 3 | |
| Animal War Training | 1 | |
| Swords | 2 | |
| Armor | 2 | |
| Storm Hammers | 1 | |
| Creature Attack | 1 | |
| Creature Carapace | 1 | |
| Reinforced Defenses | 1 | |
| Cloud | 1 | |
13 total
» buildings
| Altar of Kings | 1 | |
| Barracks | 1 | |
| Farm | 11 | |
| Scout Tower | 36 | |
| Arcane Tower | 2 | |
| Lumber Mill | 2 | |
| Arcane Vault | 1 | |
| Town Hall | 2 | |
| Keep | 2 | |
| Guard Tower | 8 | |
| Castle | 2 | |
| Gryphon Aviary | 3 | |
| Blacksmith | 1 | |
| Black Citadel | 1 | |
| Sacrificial Pit | 1 | |
| Watch Tower | 7 | |
81 total
» build order
00:08 Altar of Kings
00:21 Barracks
00:38 Farm
00:54 Farm
01:36 Farm
01:40 Scout Tower
02:07 Arcane Tower
02:13 Lumber Mill
03:06 Farm
03:10 Arcane Vault
03:58 Town Hall
04:01 Scout Tower
04:30 Arcane Tower
05:38 Scout Tower
05:38 Scout Tower
05:39 Scout Tower
05:39 Scout Tower
05:39 Scout Tower
05:40 Scout Tower
05:41 Scout Tower
05:42 Scout Tower
05:42 Scout Tower
06:02 Keep
06:41 Guard Tower
06:48 Guard Tower
07:17 Scout Tower
07:18 Scout Tower
07:18 Scout Tower
07:19 Scout Tower
07:21 Scout Tower
07:21 Scout Tower
07:22 Scout Tower
07:23 Scout Tower
07:23 Scout Tower
07:24 Scout Tower
07:25 Scout Tower
07:25 Scout Tower
07:25 Scout Tower
07:27 Scout Tower
07:27 Scout Tower
07:28 Scout Tower
08:05 Guard Tower
08:33 Guard Tower
09:00 Castle
09:13 Guard Tower
09:34 Guard Tower
09:45 Lumber Mill
09:55 Gryphon Aviary
10:11 Gryphon Aviary
10:18 Gryphon Aviary
10:35 Blacksmith
11:04 Farm
11:05 Farm
11:05 Farm
11:05 Farm
12:43 Scout Tower
12:44 Scout Tower
12:44 Scout Tower
12:51 Scout Tower
12:51 Scout Tower
12:51 Scout Tower
12:52 Scout Tower
12:52 Scout Tower
12:53 Scout Tower
13:10 Black Citadel
13:13 Sacrificial Pit
13:56 Guard Tower
14:48 Guard Tower
20:39 Town Hall
21:19 Watch Tower
21:20 Watch Tower
21:20 Watch Tower
21:20 Watch Tower
21:21 Watch Tower
22:57 Watch Tower
22:58 Watch Tower
23:56 Farm
23:56 Farm
23:56 Farm
32:57 Keep
36:40 Castle
» items
| Scroll of Regeneration | 3 | |
| Scroll of Town Portal | 7 | |
| Lesser Clarity Potion | 2 | |
| Potion of Mana | 1 | |
| Orb of Fire | 1 | |
| Potion of Healing | 2 | |
| Scroll of Healing | 1 | |
17 total

»
USS_GeorgeWBush (
blue | 29 APM | 312 actions | 10:46)
3 Death Knight
2 Death Coil
1 Unholy Aura
» actions
| Assign group hotkey | 6 | |
| Basic commands | 17 | |
| Build / train | 28 | |
| Enter build submenu | 13 | |
| Enter hero's abilities submenu | 3 | |
| Right click | 125 | |
| Select / deselect | 94 | |
| Select group hotkey | 7 | |
| Use ability | 18 | |
312 total
» units
| Acolyte | 8 | |
| Ghoul | 2 | |
| Crypt Fiend | 7 | |
17 total
» upgrades
» buildings
| Ziggurat | 5 | |
| Crypt | 2 | |
| Altar of Darkness | 1 | |
| Nerubian Tower | 1 | |
| Graveyard | 2 | |
| Spirit Tower | 3 | |
| Halls of the Dead | 1 | |
| Tomb of Relics | 1 | |
16 total
» build order
00:10 Ziggurat
00:18 Crypt
00:29 Altar of Darkness
01:06 Nerubian Tower
01:26 Graveyard
01:36 Graveyard
02:03 Ziggurat
03:05 Spirit Tower
03:44 Ziggurat
04:56 Spirit Tower
05:09 Crypt
05:28 Ziggurat
06:13 Halls of the Dead
07:30 Ziggurat
08:36 Tomb of Relics
09:07 Spirit Tower
Chat log
(02:03 / All) SIZE_50-WAISTQ: do you guys like chicks with pony tails?
(02:11 / All) Socratesp: meh
(02:18 / All) USS_GeorgeWBush: depends on the chick
(02:18 / Allies) FunkyMonkz: pigtails ftw
(02:22 / All) FunkyMonkz: pigtails ftw
(02:27 / All) SIZE_50-WAISTQ: emma watson
(02:31 / All) SIZE_50-WAISTQ: or jenn lawerence
(02:33 / All) USS_GeorgeWBush: hella yea
(02:36 / All) FunkyMonkz: thats a good one
(02:38 / Allies) FunkyMonkz: a tough one
(02:39 / All) USS_GeorgeWBush: not j lawrence
(02:41 / All) FunkyMonkz: a tough one
(02:46 / All) FunkyMonkz: lawrence is funny
(03:08 / All) FunkyMonkz: and good looking =.=
(03:24 / All) FunkyMonkz: emma is british...
(03:29 / All) FunkyMonkz: i dunno man
(03:32 / All) USS_GeorgeWBush: but shes hot
(03:46 / All) FunkyMonkz: good thing i have no chance with either, saves the trouble
(03:51 / All) USS_GeorgeWBush: lol
(03:54 / All) USS_GeorgeWBush: i guess
(04:01 / All) USS_GeorgeWBush: were on the same boat
(04:09 / All) FunkyMonkz: id prob have a better chance with lawrence
(04:17 / All) FunkyMonkz: since im a betting man
(04:59 / Allies) TheTerrorOf4v4: I can creep this myself
(05:06 / Allies) Socratesp: wasnt being rude
(05:10 / Allies) TheTerrorOf4v4: kk ty
(08:13 / Allies) TheTerrorOf4v4: 2 rings nice, lucky green
(08:18 / Allies) TheTerrorOf4v4: I always get those when I have an int hero lawl
(08:58 / Allies) FunkyMonkz: lvl 2 aura ftl
(09:01 / Allies) FunkyMonkz: ;/
(10:37 / All) Socratesp: lame
(12:43 / Allies) FunkyMonkz: wood plz
(13:44 / Allies) Socratesp: coming
(17:29 / Allies) Socratesp: that air is your responsability
(17:42 / All) TheTerrorOf4v4: lawl you all just got 1v3ed
(18:16 / Allies) Socratesp: wait for reing
(19:17 / Allies) Socratesp: anti air someone
(19:18 / Allies) TheTerrorOf4v4: shit bad mass tp
(22:03 / Allies) FunkyMonkz: coming
(24:07 / All) TheTerrorOf4v4: Pink isn't even responding
(24:11 / All) TheTerrorOf4v4: to me killing his wyrms
(24:12 / Allies) Socratesp: purple wth
(24:22 / Allies) decepticons421: what r u talking about
(24:27 / All) SIZE_50-WAISTQ: in shock probably
(24:29 / Allies) Socratesp: purple quit that nonsense
(24:32 / Allies) TheTerrorOf4v4: Look at your army what the fuck man
(24:44 / Allies) decepticons421: what about it
(24:47 / Allies) TheTerrorOf4v4: I'm wise because I know that you know nothing about the game green
(24:49 / Allies) TheTerrorOf4v4: You suck
(25:05 / Allies) decepticons421: are u fucking serious
(25:17 / Allies) TheTerrorOf4v4: I'm always serious in WC3 4v4 RT
(25:39 / Allies) decepticons421: wtf is your problem
(25:46 / Allies) TheTerrorOf4v4: The three of you
(25:48 / Allies) TheTerrorOf4v4: I don't like you guys
(25:54 / Allies) TheTerrorOf4v4: You three should leave
(26:06 / All) Socratesp: i already /ignored him so wutevs
(26:17 / All) TheTerrorOf4v4: It's /squelch bitch
(26:20 / All) TheTerrorOf4v4: Not ignore
(26:23 / All) TheTerrorOf4v4: This is why I dislike you shits
(26:25 / All) Socratesp: its both idiot
(26:43 / All) TheTerrorOf4v4: if you /ignored me you saw what I said
(26:45 / All) TheTerrorOf4v4: so you couldn't have
(27:48 / Allies) FunkyMonkz: lets juss end this
(27:53 / Allies) FunkyMonkz: this is wasting too much time
(28:03 / Allies) TheTerrorOf4v4: Every minute of this game will be wasted if you wanted a win
(28:10 / Allies) FunkyMonkz: i could care less dude
(28:13 / Allies) TheTerrorOf4v4: then leave
(28:20 / Allies) FunkyMonkz: then why did i even start to begin with
(28:23 / Allies) FunkyMonkz: ur an idiot
(28:26 / All) SIZE_50-WAISTQ: why arent u guys attacking my base
(28:35 / Allies) TheTerrorOf4v4: I don't know but you lost
(28:47 / Allies) decepticons421: I waited forever just to het into this game and u gotta do this bull shit
(30:22 / Allies) FunkyMonkz: gj purple
(30:27 / Allies) FunkyMonkz: i bet u rock at life lol
(30:35 / Allies) TheTerrorOf4v4: What achievements do you have in life?
(30:39 / Allies) TheTerrorOf4v4: Do you have a lot to brag about?
(30:43 / Allies) FunkyMonkz: not even worth talking with u
(30:44 / Allies) TheTerrorOf4v4: What have you done buddy?
(30:49 / All) Socratesp: Im a game designer
(30:55 / Allies) TheTerrorOf4v4: Well you sure didn't learn conversational skills in life then teal
(30:55 / All) Socratesp: how bout that one?
(30:56 / Allies) FunkyMonkz: i know for sure that im nothing like u
(30:59 / All) TheTerrorOf4v4: What games have you made?
(31:00 / Allies) FunkyMonkz: ur a low life
(31:05 / All) TheTerrorOf4v4: Where do you work?
(31:08 / All) TheTerrorOf4v4: That's a bold claim
(31:12 / All) Socratesp: not even its way too open source for that lol
(31:13 / Allies) FunkyMonkz: this is what u do to get off in life
(31:14 / All) TheTerrorOf4v4: Teal says I'm a low life, a sad being
(31:15 / Allies) FunkyMonkz: no
(31:15 / Allies) FunkyMonkz: seriously
(31:17 / Allies) FunkyMonkz: i pray for u
(31:24 / All) TheTerrorOf4v4: He hasn't said one impressive thing about his
(31:38 / Allies) FunkyMonkz: everyone lives life to be happy
(31:38 / All) TheTerrorOf4v4: Do you work for some shitty indie dev green?
(31:40 / All) Socratesp: hes just bsing ignore him
(31:40 / Allies) FunkyMonkz: this makes u happy
(31:51 / Allies) TheTerrorOf4v4: Yeah and I enjoy seeing allies angry in WC3
(31:53 / Allies) TheTerrorOf4v4: it gives me pleasure
(31:54 / All) Socratesp: really, what do you do?
(31:56 / Allies) TheTerrorOf4v4: why shouldn't I enjoy it
(31:59 / Allies) TheTerrorOf4v4: You can alt+qq at any time
(32:00 / Allies) FunkyMonkz: on a game thats over 10 years old
(32:02 / Allies) FunkyMonkz: and pointless
(32:08 / Allies) FunkyMonkz: im here for u purple
(32:10 / Allies) TheTerrorOf4v4: It has as whiny a community as ever
(32:13 / Allies) TheTerrorOf4v4: I can get schadenfreude from it
(32:28 / Allies) FunkyMonkz: i like to debate with u how much ur life sucks
(32:31 / Allies) FunkyMonkz: cuz obviously im right
(32:38 / Allies) TheTerrorOf4v4: Not much of a debate when you haven't given any of yours
(32:45 / Allies) FunkyMonkz: i havnt met anyone that does this and realized they are worth a damn
(32:51 / Allies) TheTerrorOf4v4: Are you a millionaire with a hot girlfriend?
(33:04 / Allies) FunkyMonkz: u make it too easy
(33:14 / Allies) FunkyMonkz: are u and red butt buddies?
(33:17 / Allies) TheTerrorOf4v4: What have you done with your life teal?
(33:31 / All) TheTerrorOf4v4: Is your whole army on 1 hotkey green?
(33:33 / All) TheTerrorOf4v4: had to pull it all for the mk
(33:36 / All) SIZE_50-WAISTQ: LOL
(33:43 / All) Socratesp: just not bothering
(33:49 / All) TheTerrorOf4v4: no divine shield just aura lawl
(33:51 / All) TheTerrorOf4v4: I like this paladin
(33:59 / All) SIZE_50-WAISTQ: green wut do u mean by game designer
(34:02 / All) Socratesp: still not caring
(34:05 / All) TheTerrorOf4v4: go for the am with the invul potion pink
(34:13 / All) TheTerrorOf4v4: maybe he worked on amalur
(34:16 / All) Socratesp: coding and ish
(34:28 / Allies) FunkyMonkz: whatever
(34:29 / All) TheTerrorOf4v4: nah who am I kidding he does shitty indie games at best
(34:39 / All) SIZE_50-WAISTQ: do u design games like skyrim
(34:55 / All) TheTerrorOf4v4: shit lawl must have canceled that queue on the wyrms
(34:59 / All) Socratesp: I have a 2.5d and one close to skyrm
(35:04 / All) Socratesp: cept post apoc
(35:14 / All) TheTerrorOf4v4: waht's that
(35:15 / All) TheTerrorOf4v4: wasteland 2?
(35:17 / All) SIZE_50-WAISTQ: 2.5 inch what?
(35:23 / All) Socratesp: 2.5d
(35:37 / All) TheTerrorOf4v4: What post-apoc game do you work on?
(35:40 / All) TheTerrorOf4v4: I like post-apoc
(35:44 / All) TheTerrorOf4v4: If it's a good one maybe you can have the win
(36:07 / All) Socratesp: lol i really dont care enough to humor you purp ust enjoying my day off dude
(36:24 / All) TheTerrorOf4v4: Why, won't you give me a dream of mine to meet a post-apoc game developer for a good RPG?
(36:29 / All) TheTerrorOf4v4: That's cruel
(36:44 / All) decepticons421: i hate u purple burn in hell
(36:50 / All) TheTerrorOf4v4: lol
(36:51 / All) Socratesp: when you see my profile you will be like, oh, nvm he really doesnt care
(37:00 / All) Socratesp: geez
(37:01 / All) TheTerrorOf4v4: You are the last one in the game
(37:05 / All) TheTerrorOf4v4: You care somehwat
(37:29 / All) Socratesp: lol why bother with cloud?
(37:34 / All) SIZE_50-WAISTQ: do u like jurassic park?
(37:35 / All) TheTerrorOf4v4: It works on allies
(37:46 / All) Socratesp: why bother with it tho?
(37:53 / All) TheTerrorOf4v4: Don't want to lose any hawks
(37:58 / All) TheTerrorOf4v4: work the 1 apm it costs
(38:12 / All) Socratesp: you overestimate the number of f@qs i give you
(38:46 / All) Socratesp: brb
(38:54 / All) SIZE_50-WAISTQ: frequently asked question?
(39:00 / All) SIZE_50-WAISTQ: green, im sorry purple ruined the game
(39:02 / All) SIZE_50-WAISTQ: for us
(39:29 / All) TheTerrorOf4v4: I love tking undead
(39:33 / All) TheTerrorOf4v4: such an easy cleanup
(40:14 / All) TheTerrorOf4v4: Not sure if it's faster to wait for my god damn castle and gryphons
(40:22 / All) TheTerrorOf4v4: I have towers I think it isn't
(40:24 / All) TheTerrorOf4v4: let's just kill my shit
(40:57 / All) SIZE_50-WAISTQ: socratesp
(41:25 / All) Socratesp: back
(41:37 / All) TheTerrorOf4v4: What post-apoc RPG are you working on?
(41:56 / All) Socratesp: so purp do you always just waste this much time doing this?
(42:09 / All) TheTerrorOf4v4: Sometimes when they're talking enough
(42:09 / All) Socratesp: you just seems slow or something
(42:19 / All) TheTerrorOf4v4: I'd try hard at shit talking to get more out of you but I don't feel like putting in the effort
(42:19 / All) SIZE_50-WAISTQ: are u cousins with zack
(42:21 / All) SIZE_50-WAISTQ: green?
(42:40 / All) Socratesp: no hard feelings red you were one man down and still fought like a soldier
(42:51 / All) TheTerrorOf4v4: Our team had 2 players
(42:51 / All) SIZE_50-WAISTQ: ty though
(42:56 / All) SIZE_50-WAISTQ: im unsure wut happened
(42:58 / All) SIZE_50-WAISTQ: on ur side
(43:01 / All) SIZE_50-WAISTQ: u guys had an afker?
(43:03 / All) Socratesp: purps doing me a favor, an easy win is no win at all for me
(43:45 / All) TheTerrorOf4v4: Do you like the classic Fallouts green?
(43:55 / All) TheTerrorOf4v4: Will your RPG be based at all off of them?
(44:07 / All) SIZE_50-WAISTQ: i thought kingdoms of amalur would be a good rpg
(44:07 / All) Socratesp: not an rpg dude
(44:08 / All) SIZE_50-WAISTQ: i was wrong
(44:13 / All) TheTerrorOf4v4: You said it was like Skyrim wtf
(44:14 / All) Socratesp: lol
(44:21 / All) TheTerrorOf4v4: but then I guess Skyrim is barely an RPG either
(44:30 / All) TheTerrorOf4v4: Fallout 1 & 2 greatest games of all time
(45:25 / All) TheTerrorOf4v4: Any last words for us green?
(45:35 / All) Socratesp: nope
(45:40 / All) TheTerrorOf4v4: What a boring person
(45:46 / All) Socratesp: ditto